 Dungeon Crawl Stone Soup version 0.27-a0-1119-gbf574a6 (webtiles) character file.

Game seed: 3538939381553149636

69 Meow the Stinger (level 4, 36/36 HPs)
             Began as a Naga Venom Mage on May 2, 2021.
             Quit the game on level 2 of the Dungeon.
             The game lasted 00:04:01 (831 turns).

Meow the Stinger (Naga Venom Mage)                   Turns: 831, Time: 00:04:01

Health: 36/36      AC:  2    Str: 10    XL:     4   Next: 20%
Magic:  6/8        EV: 10    Int: 16    God:
Gold:   70         SH:  0    Dex: 12    Spells: 4/8 levels left

rFire    . . .     SeeInvis +   a - +0 hand axe
rCold    . . .     Faith    .   (no shield)
rNeg     . . .     Spirit   .   b - +0 robe
rPois    +         Reflect  .   (no helmet)
rElec    .         Harm     .   (no cloak)
rCorr    .         Rampage  .   (no gloves)
Will     .....                  (no barding)
Stlth    +++.......             (no amulet)
HPRegen  0.12/turn              (no ring)
MPRegen  0.11/turn              (no ring)

@: very slow
A: AC +1, large, see invisible, deformed body, poison resistance, slowness 2,
spit poison 1, naga tail 1
a: Spit Poison


You were on level 2 of the Dungeon.
You visited 1 branch of the dungeon, and saw 2 of its levels.

You collected 70 gold pieces.

Inventory:

Hand Weapons
 a - a +0 hand axe (weapon)
Missiles
 d - 9 poisoned darts (quivered)
 e - 22 stones
Armour
 b - a +0 robe (worn)
 h - a +0 kite shield
Scrolls
 c - a scroll of identify
Potions
 f - a potion of magic
 g - a potion of might
 i - a potion of resistance


   Skills:
 - Level 1.5 Dodging
 + Level 4.6 Stealth
 + Level 2.8 Spellcasting
 - Level 1.0 Transmutations
 + Level 5.0 Poison Magic


You had 4 spell levels left.
You knew the following spells:

 Your Spells              Type           Power      Damage    Failure   Level
a - Sting                 Tmut/Pois      44%        1d5       5%          1
c - Mephitic Cloud        Conj/Pois/Air  7%         N/A       28%         3

Your spell library contained the following spells:

 Spells                   Type           Power      Damage    Failure   Level
 Poisonous Vapours        Pois/Air       20%        N/A       11%         2
 Beastly Appendage        Tmut           10%        N/A       13%         1
 Spider Form              Tmut/Pois      5%         N/A       17%         3
 Animate Skeleton         Necr           4%         N/A       19%         1
 Apportation              Tloc           4%         N/A       19%         1
 Corona                   Hex            2%         N/A       19%         1
 Summon Small Mammal      Summ           8%         N/A       19%         1
 Wereblood                Tmut           5%         N/A       19%         2
 Olgreb's Toxic Radiance  Pois           18%        N/A       24%         4
 Ignite Poison            Fire/Tmut/Pois 8%         N/A       26%         3
 Ice Form                 Ice/Tmut       3%         N/A       83%         4
 Hydra Form               Tmut           2%         N/A       98%         5


Dungeon Overview and Level Annotations

Branches:
Dungeon (2/15)

Altars:


Innate Abilities, Weirdness & Mutations

Your serpentine skin is tough. (AC +1)
You have supernaturally acute eyesight. (SInv)
Armour fits poorly on your strangely shaped body.
Your system is resistant to poisons. (rPois)
You cover ground very slowly.
You can spit poison.
You have a snake-like lower body.


Message History

Found a stone staircase leading up.
There is an escape hatch in the floor here.
Throw: 11 darts (poison)
Press: ? - help, Q - select action, (/) - cycle Shift-Dir - straight line, f - goblin
Aim: a goblin, wielding a +0 club (asleep, 98% to hit)
You throw a poisoned dart. The poisoned dart hits the goblin.
The goblin is poisoned.
The goblin shouts!
You kill the goblin!
Unknown command.
There is an escape hatch in the floor here.
Press: ? - help, Shift-Dir - straight line, f - you
Okay, then.
Throw: 10 darts (poison)
Press: ? - help, Q - select action, (/) - cycle Shift-Dir - straight line, f - Jessica
Aim: Jessica, wielding a +0 dagger and wearing a +0 robe (asleep, 98% to hit)
You throw a poisoned dart. The poisoned dart hits Jessica.
Jessica shouts!
Press: ? - help, Shift-Dir - straight line, f/p - Jessica
Aim: Jessica, wielding a +0 dagger and wearing a +0 robe The splash of poison hits Jessica!
Jessica is poisoned.
Jessica is almost dead.
Casting: Sting (safe; 6% risk of failure)
Confirm with . or Enter, or press ? or * to list all spells.
You can't see any susceptible monsters within range! (Use Z to cast anyway.) Throw: 9 darts (poison)
Press: ? - help, Q - select action, (/) - cycle Shift-Dir - straight line, f/p - Jessica
Aim: Jessica, wielding a +0 dagger and wearing a +0 robe (almost dead, poisoned, 54% to hit)
You throw a poisoned dart. The poisoned dart hits Jessica.
Jessica looks even sicker.
Jessica is almost dead.
You kill Jessica!
Your Poison Magic skill increases to level 5!
You have reached level 4!
You feel agile.
You have got your breath back.
d - 9 poisoned darts (gained 1)
Things that are here:
a +0 dagger; a +0 robe Are you sure you want to abandon this character and quit the game? (Confirm with "yes".)

.......#.###.###.##
...........##...##
.....#.....###.##
#.........>....#
###.#.....###.#
.....).....# #...
###(.###.### #####
#..##...########
#.......@.......
#.###...#<###.##
##.##(# #.# .# #.#
.# #.# .. #. .. ..


There were no monsters in sight!

Vanquished Creatures
  Jessica (D:2)
  3 dart slugs (D:1)
  3 bats (D:1)
  4 endoplasms (D:1)
  2 goblins
  5 hobgoblins
  3 jackals (D:1)
  5 kobolds (D:1)
  3 ball pythons (D:1)
  A frilled lizard (D:1)
  3 rats (D:1)
33 creatures vanquished.

Notes
Turn   | Place    | Note
-------+----------+-------------------------------------------
     0 | D:1      | Meow the Naga Venom Mage began the quest for the Orb.
     0 | D:1      | Reached XP level 1. HP: 15/15 MP: 3/3
    82 | D:1      | Reached XP level 2. HP: 22/22 MP: 1/5
   254 | D:1      | Reached XP level 3. HP: 23/28 MP: 6/6
   258 | D:1      | Learned a level 3 spell: Mephitic Cloud
   804 | D:2      | Noticed Jessica
   825 | D:2      | Killed Jessica
   826 | D:2      | Reached skill level 5 in Poison Magic
   826 | D:2      | Reached XP level 4. HP: 36/36 MP: 6/8
   831 | D:2      | Quit the game

Illustrated notes

Levels and vault maps discovered:
D:1:      minmay_arrival_four_loops, layout_loops_ring, minmay_cupped
D:2:      layout_loops_ring, chequers_ecumenical_altar_simple_redux,
          minmay_tetromino_i2, uniq_jessica

Skill      XL: |  1  2  3 |
---------------+----------+-----
Stealth        | 4 |  4.6
Poison Magic   | 5 |  5.0
Dodging        | |  1.5
Spellcasting   | |  2.8
Transmutations | |  1.0

Action                   |  1- 3 |  4- 6 || total
-------------------------+-------+-------++-------
Melee: Hand axe          |     4 |       ||     4
Throw: Dart              |     5 |       ||     5
       Stone             |     2 |       ||     2
 Cast: Sting             |    22 |       ||    22
 Abil: Spit Poison       |    30 |       ||    30
  Use: Scroll            |     3 |       ||     3
Armor: Robe              |    11 |       ||    11
Dodge: Dodged            |    14 |       ||    14

Table legend: (Time is in decaauts)
 A = Elapsed time spent in this place.
 B = Non-inter-level travel time spent in this place.
 C = Inter-level travel time spent in this place.
 D = Time resting spent in this place.
 E = Time spent auto-exploring this place.
 F = Levels seen in this place.
 G = Mean time per level.
                   A        B        C        D        E       F      G
               +--------+--------+--------+--------+--------+-----+--------+
         Total |   1122 |   1082 |     40 |      0 |    775 |   2 |  561.0 |
       Dungeon |   1122 |   1082 |     40 |      0 |    775 |   2 |  561.0 |
               +--------+--------+--------+--------+--------+-----+--------+

Top non-repeatable levels by time:
     D:1: 1067 daAuts
     D:2: 55 daAuts
